 Dungeon Crawl Stone Soup version 0.26.0-45-g9c1d065592 (webtiles) character file.

Game seed: 4842947202243587143

17 kaeus the Sneak (level 2, -8/17 HPs)
             Began as an Octopode Enchanter on Jan 29, 2021.
             Killed from afar by Sigmund (13 damage)
             ... with a puff of flame
             ... on level 2 of the Dungeon.
             The game lasted 00:00:43 (1200 turns).

kaeus the Sneak (Octopode Enchanter)                Turns: 1200, Time: 00:00:44

Health: -8/17      AC:  1    Str:  7    XL:     2   Next: 62%
Magic:  5/5        EV: 12    Int: 17    God:
Gold:   121        SH:  3    Dex: 12    Spells: 4/5 levels left

rFire    . . .     SeeInvis .   a - +1 dagger
rCold    . . .     Faith    .   h - +0 buckler
rNeg     . . .     Spirit   .   (helmet restricted)
rPois    .         Reflect  .   (no amulet)
rElec    .         Harm     .   (no ring)
rCorr    .         Rampage  .   (no ring)
Will     .....                  (no ring)
Stlth    ++++......             (no ring)
HPRegen  0.05/turn              (no ring)
MPRegen  0.09/turn              (no ring)
                                (no ring)
                                (no ring)

@: no status effects
A: almost no armour, stealthy swim, amphibious, 8 rings, constrict 8, camouflage
1, gelatinous body 1
a: no special abilities


You were on level 2 of the Dungeon.
You visited 1 branch of the dungeon, and saw 2 of its levels.

You collected 121 gold pieces.

Inventory:

Hand Weapons
 a - a +1 dagger (weapon)
Missiles
 i - 7 poisoned darts
Armour
 h - a +0 buckler (worn)
Scrolls
 c - 5 scrolls of remove curse {unknown}
 d - 2 scrolls of identify {unknown}
 j - a scroll of magic mapping {unknown}
 k - 2 scrolls of immolation {unknown}
Potions
 b - a potion of heal wounds {unknown}
 e - a potion of cancellation {unknown}
 f - 2 potions of haste {unknown}
 g - a potion of curing


   Skills:
 + Level 1.2 Short Blades
 + Level 2.2 Dodging
 * Level 4.4 Stealth
 + Level 2.2 Spellcasting
 + Level 3.1 Hexes


You had 4 spell levels left.
You knew the following spells:

 Your Spells              Type           Power        Failure   Level
a - Corona                Hex            13%          9%          1

Your spell library contained the following spells:

 Spells                   Type           Power        Failure   Level
 Ensorcelled Hibernation  Hex/Ice        14%          26%         2
 Confusing Touch          Hex            12%          26%         3
 Tukima's Dance           Hex            12%          26%         3
 Dazzling Flash           Conj/Hex       14%          45%         3


Dungeon Overview and Level Annotations

Branches:
Dungeon (2/15)

Altars:
Gozag
Zin

Annotations:
D:2 Sigmund


Innate Abilities, Weirdness & Mutations

You cannot wear most types of armour.
You are very stealthy in the water. (Stealth+)
You are amphibious.
You can wear up to eight rings at the same time.
You can use your tentacles to constrict eight enemies at once.
Your skin changes colour to match your surroundings (Stealth+).
Your rubbery body absorbs attacks. (AC +1, EV +1)


Message History

Sigmund is heavily wounded.
You constrict Sigmund. Sigmund hits you with a +0 scythe!
Ouch! That really hurt!
* * * LOW HITPOINT WARNING * * *
You take 11 damage, and have 5/17 hp.
MASSIVE DAMAGE!!
You hit Sigmund but do no damage.
Sigmund is heavily wounded.
You constrict Sigmund, but do no damage.
You hit Sigmund.
Sigmund is severely wounded.
You constrict Sigmund.
Sigmund casts a spell at himself.
Sigmund flickers and vanishes!
Deactivating autopickup; reactivate with Ctrl-A.
You hit something but do no damage. You constrict something.
You hear some strange, mumbled words.
A puff of flame appears from out of thin air!
The puff of flame hits you!
Ouch! That really hurt!
You die...

# #......##...## .##
######..
.##......#.....#...#
#.....[.
..#......#.....#.$.####
#.......
..##.....#.....#......
#..(....
..)..)...##...##(....
.........##
..........##_##....#
..##......
...........###.....##...
####.#..
........................
..#..
.##.............@{......
.#.#.. .
#.........#...........
....#.. .
#.........#........... .
#.........#######..... .
#.........# .....
########### ##.# #


There were no monsters in sight!

Vanquished Creatures
  An orc (D:2)
  2 goblins (D:1)
  4 hobgoblins
  A kobold (D:1)
  2 bats (D:1)
  2 frilled lizards (D:1)
  4 rats
16 creatures vanquished.

Notes
Turn   | Place    | Note
-------+----------+-------------------------------------------
     0 | D:1      | kaeus the Octopode Enchanter began the quest for the Orb.
     0 | D:1      | Reached XP level 1. HP: 11/11 MP: 3/3
   130 | D:1      | Reached XP level 2. HP: 17/17 MP: 5/5
   734 | D:2      | Found a glowing silver altar of Zin.
  1087 | D:2      | Found an opulent altar of Gozag.
  1186 | D:2      | Noticed Sigmund
  1200 | D:2      | Killed from afar by Sigmund

Illustrated notes

Levels and vault maps discovered:
D:1:      dpeg_arrival_signposts, layout_basic, minmay_cut_off
D:2:      layout_basic, marbit_many_paths, zin_academy, minmay_misc_feat_rugged,
          uniq_sigmund

Action                   || total
-------------------------++-------
Melee: Dagger            ||    33
       Constrict         ||     6
       Tentacles         ||     5
 Stab: Sleeping          ||     9
Dodge: Dodged            ||    12
Block: Buckler           ||     2
